cohdb
Replays
Latest Replays
All Replays
Popular Replays
Top Player Replays
Match Explorer
How It Works
Community
CoH3 Stats
Reddit
Sign in to upload your games and track your stats! →
Sign in with Steam
Match 41422122
Unlisted
Match 41422122
Overview
Messages
Build Orders
End
Construct Barracks
Construct Weapon Support Center
M1919 Machine Gun Team
Selects Airborne Battlegroup
Selects Pathfinders
Bazooka Squad
M1919 Machine Gun Team
Pathfinder Squad
Infantry Support Center
Advanced Logistics
Engineer Squad
Selects Recon Loiter
Recon Loiter
Selects Supply Drop
Supply Drop
Survival Training
Pathfinder Squad
Construct Tank Depot
Selects Dual P-47 Rocket Strike
Supply Drop
Selects Paratrooper Squad Paradrop
.30 cal Machine Gun
M18 Hellcat Tank Destroyer
Recon Loiter
Dual P-47 Rocket Strike
Supply Drop
Engineer Squad
Captain Retinue
Recon Loiter
Dual P-47 Rocket Strike
Supply Drop
Selects Anti-tank Gun Team Paradrop
M18 Hellcat Tank Destroyer
M18 Hellcat Tank Destroyer
Dual P-47 Rocket Strike
Recon Loiter
Supply Drop
Munitions Surplus
Recon Loiter
Dual P-47 Rocket Strike
Recon Loiter
Anti-tank Gun Team Paradrop
.30 cal Machine Gun
Engineer Squad
Anti-tank Gun Team Paradrop
.30 cal Machine Gun
Switchblade50
Coletti1995
Mattfield27
Fruti2k
Gosling Svodovich
KotJ44
0
0
Comments
sign in to comment!
No comments posted yet!